 Dungeon Crawl Stone Soup version 0.30-a0-782-ge64f9170bb (webtiles) character file.

Game seed: 8625744545482867620

149 Dirtsage the Slasher (level 5, 0/26 HPs)
             Began as a Vine Stalker Gladiator on Mar 1, 2023.
             Slain by an ogre
             ... wielding a +0 giant club
              (16 damage)
             ... on level 3 of the Dungeon.
             The game lasted 00:04:50 (1569 turns).

Dirtsage the Slasher (Vine Stalker Gladiator)       Turns: 1569, Time: 00:04:50

Health: 0/26       AC: 12    Str: 17    XL:     5   Next: 31%
Magic:  0/6        EV: 10    Int:  8    God:
Gold:   79         SH:  0    Dex: 17    Spells: 2/4 levels left

rFire   . . .      SeeInvis .    a - +0 long sword
rCold   . . .      Faith    .    (no shield)
rNeg    . . .      Spirit   +    q - +3 scale mail {Will+}
rPois   .          Reflect  .    c - +0 helmet
rElec   .          Harm     .    o - +0 cloak
rCorr   .          Rampage  .    (no gloves)
Will    +....                    h - +0 pair of boots Stlth
                                 (no amulet)
HPRegen 1.04/turn                (no ring)
MPRegen 0.10/turn                (no ring)

@: no status effects
A: fangs 2, regeneration 1, magic shield, antimagic bite, no potion heal 2
a: no special abilities


You were on level 3 of the Dungeon.
You visited 1 branch of the dungeon, and saw 3 of its levels.

You collected 79 gold pieces.

Inventory:

Hand Weapons
 a - a +0 long sword (weapon)
Missiles
 d - 3 throwing nets (quivered)
 l - 2 silver javelins
Armour
 b - a +0 leather armour
 c - a +0 helmet (worn)
 h - a +0 pair of boots (worn)
 o - a +0 cloak (worn)
 q - a +3 scale mail of willpower (worn)
Scrolls
 f - a scroll of silence {unknown}
 g - 3 scrolls of immolation {unknown}
 j - 3 scrolls of identify {unknown}
 k - a scroll of noise {unknown}
 n - a scroll of enchant weapon {unknown}
 r - 2 scrolls of fear {unknown}
Potions
 i - 2 potions of curing {unknown}
 m - a potion of flight {unknown}
 p - a potion of lignification {unknown}


   Skills:
 - Level 1.7 Fighting
 + Level 5.3 Long Blades
 - Level 1.7 Throwing
 - Level 2.4 Dodging


You had 2 spell levels left.
You knew the following spells:

 Your Spells              Type           Power      Damage    Failure   Level
a - Wereblood             Tmut           0%         N/A       94%         2

Your spell library contained the following spells:

 Spells                   Type           Power      Damage    Failure   Level
 Beastly Appendage        Tmut           0%         N/A       85%         1
 Blink                    Tloc           0%         N/A       94%         2
 Lesser Beckoning         Tloc           0%         N/A       94%         2
 Momentum Strike          Conj/Tloc      0%         3d8       94%         2
 Spider Form              Tmut/Pois      0%         N/A       99%         3


Dungeon Overview and Level Annotations

Branches:
Dungeon (3/15)

Altars:


Innate Abilities, Weirdness & Mutations

You have extremely sharp teeth.
Your natural rate of healing is unusually fast.
When hurt, damage is shared between your health and your magic reserves.
Your bite disrupts and absorbs the magic of your enemies.
Potions cannot restore your health.


Message History

You hit the gnoll but do no damage. You bite the gnoll. You drain its power.
You feel invigorated.
The gnoll is severely wounded.
The gnoll hits you with a +0 spear!
You take 5 damage, and have 13/26 hp.
You now have 4/6 mp.
You slash the gnoll!
You kill the gnoll!
The kobold hits you but does no damage.
You regained 2 hp, and now have 15/26 hp.
The kobold throws a stone.
The stone barely misses you.
The kobold throws a stone.
The stone barely misses you.
The kobold throws a stone.
The stone barely misses you.
Throw: javelin
Press: ? - help, Shift-Dir - straight line, f - ogre
Aim: an ogre, wielding a +0 giant club (74% to hit)
You throw a javelin. The javelin pierces through the ogre!
The ogre is moderately wounded.
The javelin pierces through the kobold.
You kill the kobold!
Health restored: 26 Throw: 3 javelins (silver)
Press: ? - help, Shift-Dir - straight line, f/p - ogre
Aim: an ogre, wielding a +0 giant club (moderately wounded, 74% to hit)
You throw a silver javelin.
The silver javelin pierces through the ogre.
The ogre is severely wounded.
You hit the ogre.
The ogre is severely wounded.
The ogre hits you but does no damage.
You barely miss the ogre. Your punch misses the ogre. You bite the ogre.
You drain its power.
You feel invigorated.
The ogre is severely wounded.
The ogre hits you with a +0 giant club!
You take 12 damage, and have 14/26 hp.
MASSIVE DAMAGE!!
You now have 4/6 mp.
You hit the ogre but do no damage. You bite the ogre. You drain its power.
You feel invigorated.
The ogre is almost dead.
The ogre hits you with a +0 giant club!!
Ouch! That really hurt!
You die...

#.########.#..###
#######(........g...#
#...............K.###.#
#..####)#.........O...#
#..# #.##...#.#..###.#
#..# #.###.##.#..$.#
#..# #.# #.##.#....#
##.# #O# #.##.#.#....
#.## #@# #.##.#.#....#
#..###.###.#.....>.....
#..##...##. ..... ..##.
#..##.#.# .##.. #.#
#..##...# #. #..###.##
#..###<#####...
#..#...........
#####..#.#.#####..#


You could see an ogre.

Vanquished Creatures
  Terence (D:3)
  4 gnolls
  3 adders (D:2)
  A worm (D:2)
  2 dart slugs
  2 ball pythons (D:1)
  2 endoplasms (D:1)
  6 goblins
  7 hobgoblins (D:1)
  4 jackals
  7 kobolds
  2 quokkas (D:1)
  3 bats
  4 frilled lizards
  4 rats
52 creatures vanquished.

Notes
Turn   | Place    | Note
-------+----------+-------------------------------------------
     0 | D:1      | Dirtsage the Vine Stalker Gladiator began the quest for the
                  | Orb.
     0 | D:1      | Reached XP level 1. HP: 11/11 MP: 2/2
   118 | D:1      | Reached skill level 3 in Long Blades
   126 | D:1      | Reached XP level 2. HP: 9/15 MP: 1/3
   365 | D:1      | Reached XP level 3. HP: 18/18 MP: 4/4
   538 | D:1      | Reached skill level 4 in Long Blades
   550 | D:1      | Learned a level 2 spell: Wereblood
   929 | D:2      | Gained mutation: Your natural rate of healing is unusually
                  | fast. [Vine Stalker growth]
   929 | D:2      | Reached XP level 4. HP: 23/23 MP: 5/5
  1113 | D:2      | Saving game... please wait.
  1428 | D:3      | Noticed Terence
  1449 | D:3      | Killed Terence
  1450 | D:3      | Reached skill level 5 in Long Blades
  1450 | D:3      | Reached XP level 5. HP: 20/26 MP: 2/6
  1529 | D:3      | Noticed an ogre
  1569 | D:3      | Slain by an ogre

Illustrated notes

Levels and vault maps discovered:
D:1:      sevenhm_arrival_forest_fort_large_4, layout_basic, due_unseen_surprise
D:2:      layout_loops_ring, cheibrodos_gnoll_hut
D:3:      layout_loops_ring, gammafunk_temple_overflow_statue,
          kennysheep_cross_bottleneck, grunt_ministairs_11, minmay_quantized,
          uniq_terence

Skill      XL: |  1  2  3  4 |
---------------+-------------+-----
Long Blades    | 3 4 5 |  5.3
Fighting       | |  1.7
Throwing       | |  1.7
Dodging        | |  2.4

Action                     |  1- 3 |  4- 6 || total
---------------------------+-------+-------++-------
  Melee: Long sword        |    86 |    63 ||   149
         Bite              |    13 |    18 ||    31
         Punch             |     1 |       ||     1
  Throw: Javelin           |       |     2 ||     2
   Stab: Sleeping          |       |     2 ||     2
 Armour: Leather armour    |    35 |    10 ||    45
         Scale mail        |       |    10 ||    10
  Dodge: Dodged            |    64 |    38 ||   102

Table legend: (Time is in decaauts)
 A = Elapsed time spent in this place.
 B = Non-inter-level travel time spent in this place.
 C = Inter-level travel time spent in this place.
 D = Time resting spent in this place.
 E = Time spent auto-exploring this place.
 F = Levels seen in this place.
 G = Mean time per level.
                   A        B        C        D        E       F      G
               +--------+--------+--------+--------+--------+-----+--------+
         Total |   1598 |   1522 |     76 |     33 |   1086 |   3 |  532.7 |
       Dungeon |   1598 |   1522 |     76 |     33 |   1086 |   3 |  532.7 |
               +--------+--------+--------+--------+--------+-----+--------+

Top non-repeatable levels by time:
     D:1: 778 daAuts
     D:2: 667 daAuts
     D:3: 152 daAuts
